 Dungeon Crawl Stone Soup version 0.16.1-16-gc44b35d (webtiles) character file.

494 Harvey99999 the Insei (level 7, -6/61 HPs)
             Began as a Naga Transmuter on Apr 19, 2015.
             Mangled by a mummy (15 damage)
             ... on level 4 of the Dungeon.
             The game lasted 00:26:00 (4112 turns).

Harvey99999 the Insei (Naga Transmuter)             Turns: 4112, Time: 00:26:01

Health: -6/61      AC:  6    Str: 13    XL:     7   Next: 15%
Magic:  21/22      EV: 11    Int: 13    God:
Gold:   135        SH:  0    Dex: 16    Spells: 3 memorised, 5 levels left

rFire  . . .     SeeInvis +       - Unarmed
rCold  . . .     Clarity  .     j - +0 leather armour
rNeg   . . .     SustAb   .     (no shield)
rPois  +         Gourm    .     (helmet restricted)
rElec  .         Spirit   .     c - +1 cloak
rCorr  .         Warding  .     (no gloves)
rMut   .         Stasis   .     (no barding)
MR     .....                    (no amulet)
Stlth  ++........               y - ring of magical power
                                n - +3 ring of dexterity

@: appendage (expiring), very slightly contaminated, very slow, not resistant to
hostile enchantments, unstealthy
A: spit poison, horns 2, see invisible, deformed body, poison resistance,
slowness 2, AC +2
a: Spit Poison, End Transformation


You were on level 4 of the Dungeon.
You were not hungry.
You had grown temporary horns.
You visited 1 branch of the dungeon, and saw 4 of its levels.
You also visited: Sewer and Ossuary.

You collected 135 gold pieces.

Inventory:

Hand weapons
 v - a cursed -1 spear
 H - a +4 spear
Missiles
 b - 27 arrows
 o - 3 javelins (quivered)
 t - 8 tomahawks of returning
 A - 17 arrows of frost
Armour
 c - a +1 cloak (worn)
 h - a +2 helmet
 j - a +0 leather armour (worn)
Magical staves
 I - a cursed staff of power {unknown}
Jewellery
 n - a +3 ring of dexterity (left hand)
 r - a cursed ring of magical power
 y - a ring of magical power (right hand)
Scrolls
 e - a scroll of enchant armour
 g - a scroll of immolation {unknown}
 m - 2 scrolls of remove curse
 q - 3 scrolls of random uselessness {unknown}
 s - 2 scrolls of identify {unknown}
 u - 2 scrolls of amnesia {unknown}
 w - a scroll of blinking {unknown}
 x - 2 scrolls of recharging {unknown}
 C - 2 scrolls of fear {unknown}
 G - 2 scrolls of enchant weapon {unknown}
Potions
 i - a potion of magic {unknown}
 k - 2 potions of curing {unknown}
 p - 3 potions of agility {unknown}
 B - a potion of brilliance {unknown}
 D - a potion of beneficial mutation {unknown}
 F - a potion of might {unknown}
Books
 d - a book of Changes

   Spells                             Type                      Level
   a - Beastly Appendage              Transmutation                1
   b - Sticks to Snakes               Transmutation                2
   c - Spider Form                    Transmutation/Poison         3
   d - Ice Form                       Ice/Transmutation            4
   e - Blade Hands                    Transmutation                5
Comestibles
 a - 4 bread rations
 l - a meat ration
 z - a chunk of flesh


   Skills:
 + Level 2.8 Fighting
 + Level 1.9 Armour
 + Level 3.4 Dodging
 + Level 0.9 Stealth
 + Level 4.2 Unarmed Combat
 * Level 2.7 Spellcasting
 * Level 3.5 Transmutations


You had 5 spell levels left.
You knew the following spells:

 Your Spells              Type           Power        Failure   Level  Hunger
a - Beastly Appendage     Trmt           ##....       10%         1    #......
b - Spider Form           Trmt/Pois      #.........   54%         3    ###....
c - Sticks to Snakes      Trmt           ##........   12%         2    ###....


Dungeon Overview and Level Annotations

Branches:
Dungeon (4/15)
 Temple: D:4-7

Altars:
Yredelemnul


Innate Abilities, Weirdness & Mutations

You cannot wear boots.
You can spit poison.
Your serpentine skin is tough (AC +2).
You have supernaturally acute eyesight.
Armour fits poorly on your strangely shaped body.
Your system is resistant to poisons.
You cover ground very slowly.
You have a pair of horns on your head.


Message History

The mummy hits you!
* * * LOW HITPOINT WARNING * * *
The mummy barely misses you.
The kobold zombie hits you but does no damage.
Welcome back to the Dungeon!
There is a collapsed entrance here.
You can't go up here!
You can't go down here!
Read which item? (? for menu, Esc to quit)
As you read the scroll labeled EPHUAC USUOM, it crumbles to dust.
It is a scroll of enchant armour.
Enchant which item? (? for menu, Esc to quit)
Your +0 cloak glows green for a moment.
The mummy closely misses you. The mummy barely misses you.
Read which item? (? for menu, Esc to quit)
As you read the scroll labeled SHUTIF JAL MEUKKA, it crumbles to dust.
You feel as if something is helping you.
It was a scroll of remove curse.
The mummy hits you!
You die...

####### ##.....#
#.>..# ..#####...'##
#### ..........##M##
.#..
.........##..M##...#
..........##@##....#
######.#..###..##.#
#.##..#..###.###
.#.............##.#
##.####...........<#
# #...###.#.####
#...# #.#.# .....#
#.#.## #.##...
#....#######


You could see 2 mummies.

Vanquished Creatures
  3 big kobolds (Sewer)
  An orc priest (D:3)
  A worker ant (D:4)
  Jessica (D:2)
  Terence (D:2)
  2 mummies (Ossuary)
  Robin (D:3)
  2 adders
  4 giant mites
  4 worms
  4 oozes
  4 orcs (D:3)
  7 bats
  4 giant cockroaches
  6 hobgoblins
  2 jackals (D:3)
  A quokka (D:2)
  A ball python (D:2)
  5 giant geckos
  A giant gecko skeleton (D:3)
  8 giant newts
  A gnoll zombie (Ossuary)
  13 goblins
  A hobgoblin zombie (Ossuary)
  17 kobolds
  A kobold zombie (Ossuary)
  3 rats
  2 fungi (Sewer)
101 creatures vanquished.

Vanquished Creatures (collateral kills)
  A kobold zombie (Ossuary)
1 creature vanquished.

Grand Total: 102 creatures vanquished

Notes
Turn   | Place    | Note
--------------------------------------------------------------
     0 | D:1      | Harvey99999, the Naga Transmuter, began the quest for the Orb.
     0 | D:1      | Reached XP level 1. HP: 18/18 MP: 3/3
   275 | D:1      | Reached XP level 2. HP: 19/25 MP: 4/4
   974 | D:2      | Reached XP level 3. HP: 31/31 MP: 6/6
  1024 | D:2      | Learned a level 3 spell: Spider Form
  1027 | D:2      | Learned a level 2 spell: Sticks to Snakes
  1107 | D:2      | Found a basalt altar of Yredelemnul.
  1112 | D:2      | Noticed Jessica
  1116 | D:2      | Noticed Terence
  1124 | D:2      | Killed Terence
  1130 | D:2      | Reached XP level 4. HP: 20/39 MP: 7/7
  1339 | D:2      | Killed Jessica
  1385 | D:2      | Reached skill level 1 in Armour
  1943 | D:3      | Noticed Robin
  1954 | D:3      | Reached XP level 5. HP: 27/45 MP: 9/9
  1971 | D:3      | Killed Robin
  2040 | D:3      | Found a glowing drain.
  2059 | Sewer    | Entered a sewer
  2610 | Sewer    | Reached XP level 6. HP: 23/55 MP: 11/11
  3194 | D:3      | Reached skill level 4 in Unarmed Combat
  3582 | D:3      | Reached XP level 7. HP: 47/61 MP: 13/13
  4046 | D:4      | Found a sand-covered staircase.
  4051 | Ossuary  | Entered an ossuary
  4112 | D:4      | Mangled by a mummy

Action                   |  1- 3 |  4- 6 |  7- 9 || total
-------------------------+-------+-------+-------++-------
Melee: Unarmed           |   105 |   338 |    43 ||   486
 Cast: Beastly Appendage |     3 |     3 |     2 ||     8
       Sticks to Snakes  |       |       |     1 ||     1
 Abil: Spit Poison       |     3 |    10 |       ||    13
  Use: Potion            |       |     1 |     5 ||     6
       Scroll            |       |       |     2 ||     2
 Stab: Sleeping          |       |     1 |     1 ||     2
       Distracted        |       |       |     1 ||     1
  Eat: Chunk             |     1 |     7 |     1 ||     9
       Beef jerky        |       |     1 |     1 ||     2
